 Dungeon Crawl Stone Soup version 0.28.0-43-g3370ac3207 (webtiles) character file.

Game seed: 3583950405248151827

24 adizb the Skirmisher (level 2, -13/27 HPs)
             Began as a Minotaur Fighter on Mar 7, 2022.
             Killed by an exploding quokka (40 damage)
             ... ignited by their inner flame
             ... on level 2 of the Dungeon.
             The game lasted 00:03:44 (705 turns).

adizb the Skirmisher (Minotaur Fighter)              Turns: 705, Time: 00:03:49

Health: -13/27     AC: 12    Str: 20    XL:     2   Next: 79%
Magic:  1/1        EV:  9    Int:  5    God:
Gold:   86         SH:  4    Dex:  9    Spells: 1/1 levels left

rFire   . . .      SeeInvis .   a - +0 war axe
rCold   . . .      Faith    .   c - +0 buckler
rNeg    . . .      Spirit   .   b - +0 scale mail
rPois   .          Reflect  .   (helmet restricted)
rElec   .          Harm     .   (no cloak)
rCorr   .          Rampage  .   g - +0 pair of gloves
Will    .....                   (no boots)
Stlth   ..........              e - amulet of regeneration
HPRegen 0.89/turn               f - +4 ring of protection
MPRegen 0.07/turn               (no ring)

@: no status effects
A: horns 2, retaliatory headbutt
a: no special abilities


You were on level 2 of the Dungeon.
You visited 1 branch of the dungeon, and saw 2 of its levels.

You collected 86 gold pieces.

Inventory:

Hand Weapons
 a - a +0 war axe (weapon)
Armour
 b - a +0 scale mail (worn)
 c - a +0 buckler (worn)
 g - a +0 pair of gloves (worn)
Jewellery
 e - an amulet of regeneration (around neck)
 f - a +4 ring of protection (left hand)
Scrolls
 h - 2 scrolls of immolation
Potions
 d - 2 potions of might


   Skills:
 + Level 3.9 Fighting
 * Level 3.2 Axes
 + Level 3.9 Armour
 + Level 3.9 Shields


You had one spell level left.
You didn't know any spells.
Your spell library was empty.

Dungeon Overview and Level Annotations

Branches:
Dungeon (2/15)

Altars:
Sif Muna


Innate Abilities, Weirdness & Mutations

You have a pair of horns on your head.
You reflexively headbutt those who attack you in melee.


Message History

There is a stone staircase leading up here.
Found an escape hatch in the floor.
A kobold comes into view. It is wielding a +0 short sword.
An endoplasm comes into view.
A rat comes into view.
Found 3 scrolls labelled TOIDASK BEGAMI.
The kobold shouts!
The endoplasm quivers.
The quokka bites you.
You slash the quokka!
You kill the quokka!
The giant cockroach bites you but does no damage.
You slash the giant cockroach!
You kill the giant cockroach!
The kobold completely misses you. You furiously retaliate!
You headbutt the kobold.
You kill the kobold!
You see here a giant cockroach corpse.
You hit the endoplasm but do no damage. You barely miss the rat.
The endoplasm hits you but does no damage.
The rat bites you but does no damage. The endoplasm barely misses you.
You furiously retaliate!
You headbutt the endoplasm.
You kill the endoplasm!
You slash the rat!
You kill the rat!
You slash the kobold!
You kill the kobold!
Items here: ( )) †.
You now have 86 gold pieces (gained 1).
h - 3 scrolls labelled TOIDASK BEGAMI A quokka comes into view.
As you read the scroll labelled TOIDASK BEGAMI, it crumbles to dust.
The creatures around you are filled with an inner flame!
It was a scroll of immolation.
The quokka closely misses you. You furiously retaliate!
You headbutt the quokka.
Flame seeps out of the quokka.
The quokka is engulfed in blazing flames.
The quokka explodes!
The fiery explosion engulfs you!!!
Ouch! That really hurt!
You die...

##.......##
#.........#
#.........#
#.........# .
#.........# ...
#.......>.### ....###
#.....<......
....>..###.........#
#..†)..†.@.§..####
####.....§○§.....#
##<...§§§..##.###
##.......###...###
##.<......###...#####
#...................
#........#######....
..####.#.## #...# ...
#...# ...###


There were no monsters in sight!

Vanquished Creatures
  3 bats (D:1)
  2 endoplasms
  2 giant cockroaches
  2 hobgoblins (D:1)
  4 jackals (D:1)
  3 quokkas
  A ball python (D:1)
  3 kobolds
  3 rats
23 creatures vanquished.

Notes
Turn   | Place    | Note
-------+----------+-------------------------------------------
     0 | D:1      | adizb the Minotaur Fighter began the quest for the Orb.
     0 | D:1      | Reached XP level 1. HP: 19/19 MP: 0/0
   312 | D:1      | Reached XP level 2. HP: 27/27 MP: 1/1
   559 | D:1      | Found a faded altar of an unknown god.
   559 | D:1      | Noticed a Hell Sentinel
   567 | D:1      | Prayed at the altar of an unknown god.
   567 | D:1      | Became a worshipper of Sif Muna the Loreminder
   567 | D:1      | Reached * piety under Sif Muna
   577 | D:1      | Fell from the grace of Sif Muna
   705 | D:2      | Killed by an exploding quokka... ignited by their inner
                  | flame

Illustrated notes

Levels and vault maps discovered:
D:1:      lightli_arrival_lavapool, layout_loops_ring,
          dreamdust_ecumenical_altar_sealed_demon,
          chequers_serial_rivers_large_b
D:2:      layout_rooms, minmay_misc_feat_ornament, uniq_terence

Skill      XL: |  1  2 |
---------------+-------+-----
Axes           | 3 |  3.2
Fighting       | |  3.9
Armour         | |  3.9
Shields        | |  3.9

Action                   || total
-------------------------++-------
Melee: War axe           ||    36
       Headbutt          ||     3
Invok: Renounce Religion ||     1
  Use: Scroll            ||     1
Armor: Scale mail        ||    15
Dodge: Dodged            ||    19
Block: Buckler           ||     7
